 Dungeon Crawl Stone Soup version 0.24.0-7-gb3623d2c88 (webtiles) character file.

Game seed: 4828863858152470601, levelgen mode: deterministic

79 wullow the Sneak (level 4, 0/39 HPs)
             Began as a Naga Wanderer on Nov 2, 2019.
             Slain by a goblin
             ... wielding a cursed +0 club
             ... led by Robin
              (4 damage)
             ... on level 2 of the Dungeon.
             The game lasted 00:09:48 (2520 turns).

wullow the Sneak (Naga Wanderer)                    Turns: 2520, Time: 00:09:49

Health: 0/39       AC:  2    Str: 16    XL:     4   Next: 38%
Magic:  6/6        EV:  9    Int: 11    God:
Gold:   30         SH:  0    Dex: 11    Spells: 6/6 levels left

rFire    . . .     SeeInvis +   g - +0 whip
rCold    . . .     Gourm    .   (no shield)
rNeg     . . .     Faith    .   e - +0 leather armour
rPois    +         Spirit   .   (no helmet)
rElec    .         Reflect  .   (no cloak)
rCorr    .         Harm     .   (no gloves)
MR       .....                  (no barding)
Stlth    ++........             (no amulet)
HPRegen  0.13/turn              (no ring)
MPRegen  0.10/turn              (no ring)

@: very slow
A: large, see invisible, deformed body, poison resistance, slowness 2, slow
metabolism 1, spit poison 1, AC +1
a: Spit Poison


You were on level 2 of the Dungeon.
You were not hungry.

You visited 1 branch of the dungeon, and saw 2 of its levels.

You collected 30 gold pieces.

Inventory:

Hand Weapons
 a - a +0 club
 g - a +0 whip (weapon)
 h - a +0 dagger
 j - a +0 hunting sling
Missiles
 c - 26 stones (quivered)
 n - 13 bolts
 p - 8 silver javelins
 q - 8 arrows
Armour
 d - a +0 robe
 e - a +0 leather armour (worn)
Scrolls
 b - a scroll of remove curse
 k - 2 scrolls of identify {unknown}
 o - a scroll of noise {unknown}
Potions
 m - 2 potions of curing
Comestibles
 f - 3 rations
 i - 11 chunks of flesh


   Skills:
 + Level 2.3 Fighting
   Level 1.0 Staves
 - Level 1.0 Armour
 - Level 1.0 Dodging
 + Level 3.7 Stealth
 + Level 1.9 Spellcasting
   Level 2.0 Hexes
   Level 2.0 Transmutations
   Level 1.0 Evocations


You had 6 spell levels left.
You didn't know any spells.
Your spell library contained the following spells:

 Spells                   Type           Power        Failure   Level  Hunger
 Beastly Appendage        Tmut           #.....       16%         1    ##.....
 Sticks to Snakes         Tmut           #.......     24%         2    ###....
 Summon Butterflies       Summ           #.......     36%         1    ##.....
 Spider Form              Tmut/Pois      #.........   58%         3    ####...
 Recall                   Summ/Tloc      N/A          73%         3    ####...
 Ice Form                 Ice/Tmut       #.......     94%         4    #####..
 Blade Hands              Tmut           #.........   99%         5    ######.


Dungeon Overview and Level Annotations

Branches:
Dungeon (2/15)

Altars:


Innate Abilities, Weirdness & Mutations

You cannot wear boots.
Your serpentine skin is tough. (AC +1)
You have supernaturally acute eyesight. (SInv)
Armour fits poorly on your strangely shaped body.
Your system is resistant to poisons. (rPois)
You cover ground very slowly.
You have a slow metabolism.
You can spit poison.


Message History

Unknown command.
You closely miss the goblin.
The goblin no longer looks unusually strong.
The goblin hits you with a cursed +0 club.
The hobgoblin closely misses you.
You closely miss the goblin.
You have got your breath back.
The goblin hits you with a cursed +0 club.
The hobgoblin hits you with a +0 club!
* * * LOW HITPOINT WARNING * * *
You hit the goblin.
The goblin is severely wounded.
The hobgoblin no longer looks unusually strong.
The goblin hits you with a cursed +0 club.
* * * LOW HITPOINT WARNING * * *
The hobgoblin barely misses you.
You miss the goblin.
The goblin is heavily wounded.
The goblin hits you with a cursed +0 club.
You die...

#.#..# ##. #.#..###..
###.#..##.#. g
#........... gg
####..###.#. #.# ####..#
##.. .. #####.....# ##.
##.########.##.###.#####..
#(..(÷÷.g@g....##<#......÷
#.################.#####..
#.^.....÷......
..#############


You could see a hobgoblin and a goblin.

Vanquished Creatures
  Robin (D:2)
  An adder (D:2)
  An ooze (D:2)
  A dart slug (D:1)
  2 leopard geckos (D:1)
  5 giant cockroaches
  7 goblins
  8 hobgoblins
  6 jackals (D:1)
  5 bats
  2 frilled lizards (D:1)
  4 kobolds (D:1)
  A rat (D:2)
44 creatures vanquished.

Vanquished Creatures (others)
  5 toadstools (D:1)
5 creatures vanquished.

Grand Total: 49 creatures vanquished

Notes
Turn   | Place    | Note
-------+----------+-------------------------------------------
     0 | D:1      | wullow the Naga Wanderer began the quest for the Orb.
     0 | D:1      | wullow set off with the following items: a +0 club, a
                  | potion of lignification, a +0 robe, a ration; and the
                  | following spells available to memorise: Beastly Appendage,
                  | Sticks to Snakes, Summon Butterflies, Spider Form, Recall,
                  | Ice Form, Blade Hands
     0 | D:1      | Reached XP level 1. HP: 18/18 MP: 2/2
   294 | D:1      | Reached skill level 2 in Stealth
   607 | D:1      | Reached XP level 2. HP: 25/25 MP: 3/3
   650 | D:1      | HP: 1/25 [leopard gecko (3)]
  1317 | D:1      | Reached XP level 3. HP: 3/31 MP: 3/5
  1317 | D:1      | HP: 2/46 [jackal (1)]
  1324 | D:1      | HP: 2/48 [jackal (1)]
  1327 | D:1      | Reached skill level 1 in Armour
  1942 | D:1      | Reached skill level 3 in Stealth
  2413 | D:2      | Reached XP level 4. HP: 39/39 MP: 6/6
  2468 | D:2      | Noticed Robin
  2516 | D:2      | Killed Robin
  2520 | D:2      | Slain by a goblin

Levels and vault maps discovered:
D:1:      ldierk_walled_garden, layout_basic, minmay_pentomino_s2
D:2:      layout_loops_ring, minitemple, lemuel_round_altar, first_ration,
          minmay_fountain_box, chequers_serial_rivers_small_a, uniq_robin

Skill      XL: |  1  2  3 |
---------------+----------+-----
Stealth        | 2 3 |  3.7
Armour         | 1 |  1.0
Fighting       | 2 |  2.3
Staves         | |  1.0
Dodging        | |  1.0
Spellcasting   | |  1.9
Hexes          | |  2.0
Transmutations | |  2.0
Evocations     | |  1.0

Action                   |  1- 3 |  4- 6 || total
-------------------------+-------+-------++-------
Melee: Club              |    23 |       ||    23
       Whip              |    73 |    32 ||   105
Throw: Stone             |       |     4 ||     4
 Abil: Spit Poison       |    28 |     8 ||    36
  Use: Potion            |     1 |     1 ||     2
       Scroll            |     1 |       ||     1
 Stab: Sleeping          |     1 |       ||     1
  Eat: Chunk             |     5 |       ||     5
Armor: Robe              |     2 |       ||     2
       Leather armour    |    21 |     2 ||    23
       Skin              |    17 |       ||    17
Dodge: Dodged            |    50 |    20 ||    70
